 Dungeon Crawl Stone Soup version 0.27.1-16-g815e20cd7a (webtiles) character file.

Game seed: 16527951775876192556

306 zeram the Shield-Bearer (level 6, -2/53 HPs)
             Began as a Draconian Fighter on Nov 22, 2021.
             Slain by Eustachio (5 damage)
             ... on level 3 of the Dungeon.
             The game lasted 00:06:46 (3649 turns).

zeram the Shield-Bearer (Draconian Fighter)         Turns: 3649, Time: 00:06:47

Health: -2/53      AC:  8    Str: 19    XL:     6   Next: 16%
Magic:  6/6        EV:  9    Int: 10    God:
Gold:   183        SH: 14    Dex: 10    Spells: 2/5 levels left

rFire    . . .     SeeInvis .   b - +3 trident (protect)
rCold    . . .     Faith    .   o - +0 tower shield
rNeg     . . .     Spirit   .   (armour unavailable)
rPois    .         Reflect  .   (helmet restricted)
rElec    .         Harm     .   (no cloak)
rCorr    .         Rampage  .   r - +1 pair of gloves
Will     .....                  (no boots)
Stlth    +.........             (no amulet)
HPRegen  0.17/turn              (no ring)
MPRegen  0.10/turn              (no ring)

@: brilliant
A: AC +6, unfitting armour, cold-blooded
a: no special abilities


You were on level 3 of the Dungeon.
You visited 1 branch of the dungeon, and saw 4 of its levels.

You collected 183 gold pieces.

Inventory:

Hand Weapons
 a - a +1 war axe of chaos
 b - a +3 trident of protection (weapon)
 d - a +1 dagger of venom
Armour
 o - a +0 tower shield (worn)
 r - a +1 pair of gloves (worn)
Jewellery
 c - an amulet of magic regeneration
Wands
 i - a wand of flame (8)
Potions
 h - a potion of mutation
 l - a potion of lignification
 m - a potion of flight {unknown}


   Skills:
 + Level 4.6 Fighting
 - Level 2.1 Axes
 + Level 4.2 Dodging
 * Level 5.0 Shields


You had 2 spell levels left.
You knew the following spells:

 Your Spells              Type           Power      Damage    Failure   Level
a - Magic Dart            Conj           0%         1d3       99%         1
b - Searing Ray           Conj           0%         3d3       100%        2

Your spell library contained the following spells:

 Spells                   Type           Power      Damage    Failure   Level
 Stone Arrow              Conj/Erth      0%         3d7       100%        3
 Fulminant Prism          Conj/Hex       0%         3d6       100%        4
 Lehudib's Crystal Spear  Conj/Erth      0%         10d2      100%        8
 Animate Armour           Summ/Erth      Unusable   N/A       N/A         4

Dungeon Overview and Level Annotations

Branches:
Dungeon (4/15)
 Temple: D:4-7

Altars:
The Shining One

Annotations:
D:3 Dowan, Eustachio


Innate Abilities, Weirdness & Mutations

Your plain brown scales are hard. (AC +6)
You cannot fit into any form of body armour.
You are cold-blooded and may be slowed by cold attacks.


Message History

Press: ? - help, Dir - move target, f - Eustachio
Aim: Eustachio, wielding a +5 falchion of freezing and wearing a +0 leather armour (translocational energy, lightly wounded, about 52% to evade your +3 trident of protection)
Your weapon can't reach that far!
Okay, then.
You puncture the rat!
You kill the rat!
The rat's corpse disappears in a puff of smoke!
You block the bat's attack. x2
Dowan gestures at you while chanting. The shard of ice hits you.
* * * LOW HITPOINT WARNING * * *
Reach: b) +3 trident (protect)
Press: ? - help, Dir - move target, f - Eustachio
Aim: Eustachio, wielding a +5 falchion of freezing and wearing a +0 leather armour (lightly wounded, about 50% to evade your +3 trident of protection)
You reach to attack!
You closely miss Eustachio.
Eustachio is lightly wounded.
You block the bat's attack. Eustachio hits you but does no damage.
Dowan casts a spell.
Dowan blinks!
The bat hits you but does no damage.
Unknown command.
You closely miss Eustachio.
Eustachio is lightly wounded.
You block the bat's attack. The bat hits you but does no damage.
Eustachio hits you but does no damage. The bat hits you but does no damage.
Eustachio hits you with a +5 falchion of freezing.
* * * LOW HITPOINT WARNING * * *
Eustachio freezes you.
* * * LOW HITPOINT WARNING * * *
It was a potion of cancellation.
Your magical effects are unravelling.
You feel magically purged.
You feel less wooden.
Your +1 pair of gloves unmelds from your body.
You block the bat's attack. The bat hits you but does no damage.
Eustachio closely misses you.
It was a potion of brilliance.
You feel clever all of a sudden. You block the bat's attack.
Eustachio hits you with a +5 falchion of freezing.
You die...

#......# #..###.#
#########..###.#########
#........>.........)....
#....[..##e###.....))...
#.......##.#############
#.......##§b.......#
#####.####.........#
#5b@@'e........#
######..÷......#
#.........# #.........#
#.........# #.........#
###############
#.........# #.........#


You could see Eustachio, Dowan (fast), a shadow imp (summoned) and a bat
(summoned).

Vanquished Creatures
  Duvessa (D:4)
  Jessica (D:2)
  Ijyb (D:3)
  4 gnolls (D:3)
  4 adders
  A dart slug (D:1)
  6 orcs (D:3)
  4 ball pythons
  6 endoplasms
  3 giant cockroaches
  7 goblins
  8 hobgoblins
  6 jackals (D:3)
  2 quokkas
  7 bats
  4 frilled lizards (D:1)
  5 kobolds
  3 rats
73 creatures vanquished.

Notes
Turn   | Place    | Note
-------+----------+-------------------------------------------
     0 | D:1      | zeram the Draconian Fighter began the quest for the Orb.
     0 | D:1      | Reached XP level 1. HP: 19/19 MP: 1/1
   161 | D:1      | Reached XP level 2. HP: 20/26 MP: 2/2
   288 | D:1      | Learned a level 1 spell: Magic Dart
  1060 | D:2      | Reached XP level 3. HP: 33/33 MP: 3/3
  1153 | D:2      | Found a faded altar of an unknown god.
  1578 | D:2      | Noticed Jessica
  1585 | D:2      | Killed Jessica
  1586 | D:2      | Reached XP level 4. HP: 36/40 MP: 4/4
  2403 | D:3      | Found a glowing golden altar of the Shining One.
  2478 | D:3      | Reached skill level 4 in Shields
  2489 | D:3      | Reached XP level 5. HP: 10/46 MP: 5/5
  2863 | D:3      | Noticed Ijyb
  2876 | D:3      | Killed Ijyb
  3061 | D:3      | Learned a level 2 spell: Searing Ray
  3533 | D:4      | Noticed Dowan
  3534 | D:4      | Noticed Eustachio
  3534 | D:4      | Noticed Duvessa
  3623 | D:4      | Killed Duvessa
  3624 | D:4      | Reached skill level 5 in Shields
  3624 | D:4      | Reached XP level 6. HP: 20/53 MP: 6/6
  3649 | D:3      | Slain by Eustachio

Illustrated notes

Levels and vault maps discovered:
D:1:      minmay_arrival_doors, layout_basic
D:2:      layout_basic, hellmonk_ecumenical_altar_pennies_from_heaven,
          uniq_jessica
D:3:      layout_basic, mainiacjoe_overflow_surrounded_room, uniq_ijyb
D:4:      layout_loops_ring, uniq_eustachio, uniq_duvessa

Skill      XL: |  1  2  3  4  5 |
---------------+----------------+-----
Dodging        | 3 4 |  4.2
Fighting       | 4 |  4.6
Shields        | 4 5 |  5.0
Axes           | |  2.1

Action                   |  1- 3 |  4- 6 || total
-------------------------+-------+-------++-------
Melee: War axe           |    65 |    13 ||    78
       Tailslap          |    12 |    16 ||    28
       Dagger            |    22 |    16 ||    38
       Trident           |       |   120 ||   120
  Use: Scroll            |       |    14 ||    14
       Potion            |       |     5 ||     5
Armor: Skin              |    28 |    88 ||   116
Dodge: Dodged            |    39 |    45 ||    84
Block: Kite shield       |    40 |       ||    40
       Tower shield      |     1 |   148 ||   149
